AoeStats
← ᅚᅚᅚᅚ

MegaRandom

510017289Analyzed
4v4 RM · 2d ago on Sep 29, 2026· 44m 43s· 8 players
Game mode
Random Map
Map size
Large (8 player)
Population
200
Speed
Normal
Resources
Standard
Victory
Conquest
Starting age
Dark Age
Ending age
Imperial Age
RankedLock teamsTeams togetherTeam positionsShared explorationLock speedFull tech treeHidden civsTurbo modeCheats
Victory
Defeat
🇨🇱 Saracens · Chile
1265
+12
🇨🇱 Sicilians · Chile
1242
+13
🇦🇷 Vietnamese · Argentina
1194
+15
🇦🇷 Spanish · Argentina
1191
+15
🇺🇸 Varangians · United States
1218
-16
🇨🇳 Mongols · China
1203
-15
🇸🇪 Aztecs · Sweden
1134
-12
🇲🇽 Khmer · Mexico
1125
-12
[GdSur] Mate_Amargo
11:11 Feudal Age
15:19 Castle Age
13:33 Double-Bit Axe
14:06 Stone Mining
15:09 Horse Collar
16:31 Bow Saw
21:22 Loom
22:54 Wheelbarrow
23:26 Padded Archer Armor
27:14 Bloodlines
31:45 Imperial Age
32:07 Heavy Plow
32:19 Forging
32:15 Scale Barding Armor
32:13 Husbandry
32:33 Cavalier
33:50 Iron Casting
33:38 Conscription
33:22 Gold Mining
34:15 Chain Barding Armor
37:38 Chemistry
36:34 Murder Holes
36:41 Paladin
37:17 Fletching
38:05 Plate Barding Armor
38:17 Town Watch
39:16 Hand Cart
40:13 Town Patrol
42:52 Masonry
43:08 Bodkin Arrow
44:15 Blast Furnace
Pelantaro
5:59 Loom
11:33 Feudal Age
12:37 Horse Collar
12:46 Double-Bit Axe
15:24 Fletching
21:15 Wheelbarrow
20:27 Town Watch
25:11 Castle Age
24:19 Forging
24:41 Scale Mail Armor
26:05 Bow Saw
25:37 Crossbowman
26:30 Squires
26:49 Gold Mining
27:11 Bodkin Arrow
28:52 Padded Archer Armor
29:39 Wheelbarrow
31:03 Herbal Medicine
31:34 Chain Mail Armor
31:12 Arson
32:40 Stone Mining
34:02 Iron Casting
34:24 Hand Cart
38:46 Imperial Age
36:53 Ballistics
36:43 Masonry
38:11 Scale Barding Armor
39:16 Husbandry
39:27 Bloodlines
39:26 Murder Holes
41:32 Stone Shaft Mining
40:26 Pikeman
40:54 Cavalier
42:34 Chain Barding Armor
44:05 Blast Furnace
43:52 Plate Barding Armor
43:54 Hauberk
44:10 Conscription
ᅚᅚᅚᅚ
10:58 Feudal Age
13:04 Loom
16:55 Fletching
24:19 Castle Age
24:41 Crossbowman
25:17 Bodkin Arrow
25:15 Double-Bit Axe
28:34 Ballistics
30:56 Bow Saw
30:27 Horse Collar
30:38 Gold Mining
32:20 Thumb Ring
35:45 Fervor
35:56 Sanctity
38:34 Imperial Age
36:31 Padded Archer Armor
44:17 Bloodlines
44:49 Wheelbarrow
44:16 Heavy Plow
44:52 Gold Shaft Mining
44:20 Bracer
45:30 Chemistry
AlejoGuitar08
7:09 Loom
10:55 Feudal Age
11:53 Double-Bit Axe
12:34 Gold Mining
15:10 Fletching
17:54 Horse Collar
20:17 Padded Archer Armor
26:16 Castle Age
26:21 Crossbowman
27:07 Thumb Ring
26:30 Crossbowman
27:21 Thumb Ring
27:16 Bodkin Arrow
29:49 Leather Archer Armor
31:40 Ballistics
35:58 Wheelbarrow
39:22 Imperial Age
39:36 Bow Saw
39:44 Hand Cart
40:45 Bracer
41:04 Arbalester
43:56 Chemistry
45:49 Ring Archer Armor
Kryptonknight
11:16 Feudal Age
14:56 Castle Age
13:42 Double-Bit Axe
13:38 Horse Collar
16:54 Bow Saw
16:51 Heavy Plow
20:53 Scale Mail Armor
22:02 Chain Mail Armor
22:21 Squires
22:23 Loom
25:15 Wheelbarrow
27:35 Forging
31:54 Iron Casting
32:03 Hand Cart
33:52 Arson
41:04 Imperial Age
38:39 Town Watch
41:10 Elite Varangian Guard
42:45 Plate Mail Armor
43:05 Gothikon
andrewcarnegiehill_2006
12:55 Feudal Age
15:52 Castle Age
14:11 Double-Bit Axe
14:09 Horse Collar
19:12 Loom
31:00 Scale Barding Armor
32:47 Chain Barding Armor
34:00 Heavy Plow
35:38 Light Cavalry
36:19 Husbandry
38:11 Bloodlines
40:04 Forging
39:44 Fletching
42:00 Iron Casting
41:21 Bodkin Arrow
Cursecrab
5:58 Loom
12:29 Feudal Age
13:25 Horse Collar
13:32 Double-Bit Axe
18:01 Castle Age
18:19 Wheelbarrow
18:19 Eagle Warrior
23:18 Scale Mail Armor
26:42 Chain Mail Armor
28:18 Forging
28:33 Squires
28:00 Elite Skirmisher
29:00 Gold Mining
30:57 Fletching
32:07 Padded Archer Armor
33:43 Leather Archer Armor
36:22 Hand Cart
37:18 Arson
41:14 Iron Casting
40:34 Bodkin Arrow
飞鱼
4:02 Loom
12:46 Feudal Age
13:35 Man-at-Arms
14:02 Arson
16:38 Scale Mail Armor
24:02 Castle Age
28:03 Elite Skirmisher
29:06 Fletching
Connection lost

Rejoining the realm…

Still unreachable

The connection could not be restored.

Session expired

The server has moved on; the page needs a fresh start.